 Dungeon Crawl Stone Soup version 0.30-a0-948-g4fa250aae5 (webtiles) character file.

Game seed: 16057798375364799023

48 Sobieck the Digger (level 3, -1/28 HPs)
             Began as a Ghoul Earth Elementalist on Mar 26, 2023.
             Slain by Robin
             ... wielding a +4 spear
              (7 damage)
             ... on level 2 of the Dungeon.
             The game lasted 00:04:19 (1466 turns).

Sobieck the Digger (Ghoul Earth Elementalist)       Turns: 1466, Time: 00:04:20

Health: -1/28      AC:  2    Str: 11    XL:     3   Next: 72%
Magic:  2/5        EV: 12    Int: 12    God:
Gold:   54         SH:  0    Dex:  9    Spells: 5/6 levels left

rFire   . . .      SeeInvis .    a - +0 sling
rCold   + . .      Faith    .    (no shield)
rNeg    + + +      Spirit   .    s - +0 robe
rPois   ∞          Reflect  .    (no helmet)
rElec   .          Rampage  .    (no cloak)
rCorr   .                        (no gloves)
Will    .....                    (no boots)
Stlth   ++                       (no amulet)
HPRegen 0.00/turn                (no ring)
MPRegen 0.09/turn                (no ring)

@: inhibited regen
A: claws 1, cold resistance 1, negative energy resistance 3, inhibited
regeneration, torment resistance 2, devour on kill
a: no special abilities


You were on level 2 of the Dungeon.
You visited 1 branch of the dungeon, and saw 2 of its levels.

You collected 54 gold pieces.


Innate Abilities, Weirdness & Mutations

You are immune to poison.
You have sharp fingernails.
Your flesh is cold resistant. (rC+)
You are immune to negative energy. (rN+++)
You do not regenerate when monsters are visible.
You are immune to unholy pain and torment.
You thrive by killing the living.


   Skills:
 + Level 1.4 Fighting
 - Level 1.7 Dodging
 - Level 2.1 Stealth
 + Level 2.2 Spellcasting
 - Level 0.8 Transmutations
 * Level 4.3 Earth Magic


You had 5 spell levels left.
You knew the following spells:

 Your Spells              Type           Power      Damage    Failure   Level
a - Sandblast             Erth           22%        2d7       4%          1

Your spell library contained the following spells:

 Spells                   Type           Power      Damage    Failure   Level
 Passwall                 Tmut/Erth      5%         N/A       14%         2
 Stone Arrow              Conj/Erth      12%        3d7       32%         3
 Ensorcelled Hibernation  Hex/Ice        2%         N/A       38%         2
 Petrify                  Tmut/Erth      7%         N/A       67%         4
 Anguish                  Hex/Necr       0%         N/A       95%         4
 Spider Form              Tmut/Pois      Unusable   N/A       N/A         3

Inventory:

Hand Weapons
 a - a +0 sling (weapon)
   (You found it on level 1 of the Dungeon)
 c - a +0 club {mace}
   (You took it off a kobold on level 1 of the Dungeon)
 e - a +0 club {mace}
   (You took it off a goblin on level 1 of the Dungeon)
 k - a +0 quarterstaff {staff}
   (You found it on level 1 of the Dungeon)
 q - a +0 dagger {short}
   (You took it off a goblin on level 1 of the Dungeon)
 r - a +0 whip {mace}
   (You took it off a kobold on level 1 of the Dungeon)
Missiles
 d - 7 stones {throwing}
Armour
 m - a +0 leather armour
   (You found it on level 1 of the Dungeon)
 p - a +0 ring mail
   (You found it on level 1 of the Dungeon)
 s - a +0 robe (worn)
 t - a +0 robe
   (You found it on level 2 of the Dungeon)
Scrolls
 h - 2 scrolls of identify {unknown}
 i - a scroll of teleportation {unknown}
 j - 2 scrolls of amnesia {unknown}
 n - a scroll of noise {unknown}
Potions
 b - a potion of magic
 f - 2 potions of haste {unknown}
 g - a potion of ambrosia {unknown}
 l - 6 potions of curing {unknown}
 o - a potion of heal wounds {unknown}

Dungeon Overview and Level Annotations

Branches:
Dungeon (2/15) Zot: 10495

Altars:

Annotations:
D:2 Robin

...##### #......##..#.#
.#####.###..........#.###### †.#
#...##.###..#...#....... #.#
##.###.# #..............
#.###...##.###......<.......
#.##.....##.....##.######### ..
#.###...###......#.# ...
..##.....#######.#.# ...#
###.......######@#.# #...#
##.........##....g.########....#
##.......######.#g......#......
##.........#####.#.#####........
#...........##...#.#####........
.............##.##.##...........
.)..............##.##.##........
.............#####.##.##........
#.^.........## #.g............


You could see Robin and a goblin (strong).


Message History

Unknown command.
You shoot a sling bullet. The goblin shouts! x2
The sling bullet hits the goblin but does no damage.
You hear a shout!
The goblin unwields a +0 club.
The goblin wields a +0 sling.
The goblin shoots a sling bullet.
The sling bullet misses you.
You shoot a sling bullet. The goblin shouts!
The sling bullet hits the hobgoblin.
The goblin shoots a sling bullet.
The sling bullet hits you.
Unknown command.
Danger!
You shoot a sling bullet. The sling bullet hits the hobgoblin.
You kill the hobgoblin!
You shoot a sling bullet. The sling bullet hits the goblin.
You kill the goblin!
You feel better.
The goblin shoots a sling bullet.
The sling bullet misses you.
You see here a bat corpse.
The goblin shoots a sling bullet.
The sling bullet misses you.
The goblin shoots a sling bullet.
The sling bullet barely misses you.
Danger!
You shoot a sling bullet. The sling bullet hits the goblin.
You shoot a sling bullet.
The sling bullet closely misses the goblin.
You shoot a sling bullet. The sling bullet hits the goblin.
You kill the goblin!
The goblin shoots a sling bullet.
The sling bullet hits you but does no damage.
You shoot a sling bullet.
The sling bullet closely misses the goblin.
The goblin shoots a sling bullet.
The sling bullet hits you.
You shoot a sling bullet.
The sling bullet closely misses the goblin.
The goblin shoots a sling bullet.
The sling bullet closely misses you.
You shoot a sling bullet. The sling bullet hits the goblin.
You kill the goblin!
You feel better.
No target in view!
You see here a +0 dagger {short}.
Things that are here:
a +0 sling; a +0 club {mace} Robin of the Strong Arm comes into view.
They are wielding a +4 spear.
Robin shouts!
You hear a shout! x3
A hobgoblin comes into view.
Robin throws the goblin at you!
Danger!
The goblin attacks as you move away! The goblin hits you with a +0 dagger.
The goblin attacks as you move away! The goblin hits you but does no damage.
The goblin attacks as you move away! The goblin barely misses you.
Things that are here:
a +0 sling; a +0 club {mace} You see here a +0 dagger {short}.
The goblin attacks as you move away! The goblin misses you.
The blast of sand hits the goblin.
You kill the goblin!
You feel better.
Unknown command.
You shoot a sling bullet.
The sling bullet closely misses the hobgoblin.
You shoot a sling bullet.
The sling bullet barely misses the hobgoblin.
The sling bullet hits Robin but does no damage.
You shoot a sling bullet.
The sling bullet barely misses the hobgoblin.
The sling bullet hits Robin but does no damage.
Robin roars a battlecry!
The hobgoblin goes into a battle-frenzy!
You hear a shout!
The blast of sand hits the hobgoblin!
You kill the hobgoblin!
The blast of sand hits Robin but does no damage.
The blast of sand hits Robin.
Robin hits you from afar with a +4 spear.
A goblin comes into view. It is wielding a +0 club.
Robin barely misses you.
The blast of sand hits Robin but does no damage.
The goblin shouts!
Robin hits you from afar with a +4 spear.
You are too injured to fight recklessly!
Unknown command.
Robin roars a battlecry!
You hear a shout!
Robin's bangles clink loudly.
Robin roars a battlecry!
Robin throws the goblin at you! The goblin misses you.
You shoot a sling bullet.
The sling bullet hits the goblin but does no damage.
The goblin misses you. The goblin hits you with a +0 club.
* * * LOW HITPOINT WARNING * * *
Unknown command.
Robin barely misses you.
A goblin comes into view. It is wielding a +0 dagger.
The goblin attacks as you move away! The goblin hits you with a +0 club.
* * * LOW HITPOINT WARNING * * *
There is an escape hatch in the ceiling here.
Unknown command.
Robin hits you from afar with a +4 spear!
You die...

Skill      XL: |  1  2 |
---------------+-------+-----
Spellcasting   | 2 |  2.2
Fighting       | 1 |  1.4
Earth Magic    | 4 |  4.3
Dodging        | |  1.7
Stealth        | |  2.1
Transmutations | |  0.8

Action                     || total
---------------------------++-------
  Melee: Unarmed           ||    11
   Fire: Sling             ||    36
   Cast: Sandblast         ||    47
 Armour: Robe              ||     7
  Dodge: Dodged            ||    49

Levels and vault maps discovered:
D:1:      dpeg_arrival_rooms_with_view, layout_basic,
          chequers_ecumenical_altar_simple, st_stairs_1
D:2:      layout_loops_cross, nicolae_figureground_pulse, uniq_robin

Notes
Turn   | Place    | Note
-------+----------+-------------------------------------------
     0 | D:1      | Sobieck the Ghoul Earth Elementalist began the quest for
                  | the Orb.
     0 | D:1      | Reached XP level 1. HP: 14/14 MP: 2/2
   103 | D:1      | Found a faded altar of an unknown god.
   150 | D:1      | You pick up a book of Dreams and begin reading...
   150 | D:1      | You add the spells Ensorcelled Hibernation and Anguish to
                  | your library.
   242 | D:1      | Reached XP level 2. HP: 22/22 MP: 0/3
   292 | D:1      | Reached skill level 2 in Spellcasting
   659 | D:1      | Reached skill level 1 in Fighting
   876 | D:1      | Reached skill level 4 in Earth Magic
   876 | D:1      | Reached XP level 3. HP: 28/28 MP: 5/5
  1427 | D:2      | Noticed Robin
  1465 | D:2      | HP: 6/28 [goblin/+0 club[Robin] (5)]
  1466 | D:2      | Slain by Robin

Vanquished Creatures
  3 dart slugs
  An orc (D:2)
  4 ball pythons (D:1)
  6 bats
  2 endoplasms (D:2)
  A giant cockroach (D:2)
  4 hobgoblins
  A quokka (D:1)
  4 frilled lizards (D:1)
  8 goblins
  2 kobolds (D:1)
  3 rats
39 creatures vanquished.

Table legend:
 A = Non-vault XP
 B = Vault XP
 C = Vault XP percentage of total XP
 D = Non-vault monster count
 E = Vault monster count
 F = Vault count percentage of total count
                 A         B        C        D         E       F
            +---------+---------+-------+---------+---------+-------
      Total |      49 |      20 |  29.0 |      27 |      12 |  30.8
            +---------+---------+-------+---------+---------+-------
        D:1 |      27 |       7 |  20.6 |      16 |       5 |  23.8
        D:2 |      22 |      13 |  37.1 |      11 |       7 |  38.9
            +---------+---------+-------+---------+---------+-------

Illustrated notes

Table legend:
 A = Kills in this place as a percentage of kills in the entire game.
 B = Kills by you in this place as a percentage of kills by you in the entire game.
 C = Kills by friends in this place as a percentage of kills by friends in the entire game.
 D = Other kills in this place as a percentage of other kills in the entire game.
 E = Experience gained in this place as a percentage of experience gained in the entire game.
 F = Experience gained in this place divided by the number of levels of this place that you have seen.
                   A       B       C       D       E      F
               +-------+-------+-------+-------+-------+----------------------
         Total | 100.0 | 100.0 |   N/A |   N/A | 100.0 |  34.5
       Dungeon | 100.0 | 100.0 |   N/A |   N/A | 100.0 |  34.5
               +-------+-------+-------+-------+-------+----------------------

Table legend: (Time is in decaauts)
 A = Elapsed time spent in this place.
 B = Non-inter-level travel time spent in this place.
 C = Inter-level travel time spent in this place.
 D = Time resting spent in this place.
 E = Time spent auto-exploring this place.
 F = Levels seen in this place.
 G = Mean time per level.
                   A        B        C        D        E       F      G
               +--------+--------+--------+--------+--------+-----+--------+
         Total |   1503 |   1471 |     32 |    124 |   1042 |   2 |  751.5 |
       Dungeon |   1503 |   1471 |     32 |    124 |   1042 |   2 |  751.5 |
               +--------+--------+--------+--------+--------+-----+--------+

Top non-repeatable levels by time:
     D:1: 990 daAuts
     D:2: 512 daAuts
